 Dungeon Crawl Stone Soup version 0.30-a0-339-g89bb51ec76 (webtiles) character file.

Game seed: 1514909172177217561

170 Muataran the Chopper (level 5, -6/47 HPs)
             Began as a Hill Orc Monk on Oct 31, 2022.
             Mangled by an ogre
             ... wielding a +0 giant spiked club
              (23 damage)
             ... on level 3 of the Dungeon.
             The game lasted 00:04:51 (2943 turns).

Muataran the Chopper (Hill Orc Monk)                Turns: 2943, Time: 00:04:52

Health: -6/47      AC:  6    Str: 16    XL:     5   Next: 51%
Magic:  5/5        EV: 11    Int: 10    God:
Gold:   177        SH:  0    Dex: 13    Spells: 4/4 levels left

rFire   . . .      SeeInvis .    a - +0 hand axe
rCold   . . .      Faith    .    (no shield)
rNeg    . . .      Spirit   .    f - +0 ring mail
rPois   .          Reflect  .    (no helmet)
rElec   .          Harm     .    j - +0 cloak
rCorr   .          Rampage  .    (no gloves)
Will    .....                    (no boots)
Stlth   +.........               (no amulet)
HPRegen 0.27/turn                (no ring)
MPRegen 0.09/turn                (no ring)

@: no status effects
A: no striking features
a: no special abilities


You were on level 3 of the Dungeon.
You visited 1 branch of the dungeon, and saw 4 of its levels.

You collected 177 gold pieces.

Inventory:

Hand Weapons
 a - a +0 hand axe (weapon)
Armour
 f - a +0 ring mail (worn)
 j - a +0 cloak (worn)
Jewellery
 l - a ring of flight
 m - an amulet of reflection
 u - a ring of wizardry
Scrolls
 b - a scroll of blinking {unknown}
 d - 2 scrolls of teleportation {unknown}
 e - 3 scrolls of identify {unknown}
 h - a scroll of immolation {unknown}
 i - a scroll of poison {unknown}
 o - a scroll of amnesia {unknown}
 q - a scroll of brand weapon {unknown}
Potions
 c - 3 potions of ambrosia
 g - a potion of invisibility {unknown}
 k - a potion of haste {unknown}
 n - a potion of brilliance {unknown}
 p - 2 potions of lignification {unknown}
 r - 2 potions of resistance {unknown}
 s - 2 potions of curing {unknown}
 t - a potion of degeneration {unknown}


   Skills:
 + Level 4.7 Fighting
 * Level 6.3 Axes
 + Level 2.5 Armour
 - Level 2.4 Dodging
 - Level 1.5 Stealth


You had 4 spell levels left.
You didn't know any spells.
Your spell library contained the following spells:

 Spells                   Type           Power      Damage    Failure   Level
 Apportation              Tloc           0%         N/A       56%         1
 Alistair's Intoxication  Tmut/Pois      0%         N/A       100%        5
 Blade Hands              Tmut           0%         N/A       100%        5
 Irradiate                Conj/Tmut      0%         3d11      100%        5
 Dragon Form              Tmut           0%         N/A       100%        7


Dungeon Overview and Level Annotations

Branches:
Dungeon (4/15)
 Temple: D:4-7

Altars:

Annotations:
D:4 Dowan, Duvessa


Message History

You hit the hobgoblin.
You kill the hobgoblin!
The ogre shouts!
There is a stone staircase leading up, spattered with blood here.
You climb upwards.
There is a stone staircase leading down here.
There's nothing to close nearby.
You climb downwards.
Level annotation: Dowan, Duvessa
There is a stone staircase leading up, spattered with blood here.
The ogre misses you.
You climb upwards.
There is a stone staircase leading down here.
Sorry, you're not good enough to have a special ability.
Okay, then.
You hit the ogre.
The ogre is lightly wounded.
You hit the ogre.
The ogre is moderately wounded.
The ogre hits you with a +0 giant spiked club!
You barely miss the ogre.
The ogre is moderately wounded.
The ogre closely misses you.
You hit the ogre.
The ogre is moderately wounded.
You hit the ogre but do no damage.
The ogre is moderately wounded.
The ogre hits you but does no damage.
You hit the ogre.
The ogre is moderately wounded.
The ogre barely misses you.
You hit the ogre.
The ogre is moderately wounded.
You hit the ogre.
The ogre is heavily wounded.
The ogre hits you with a +0 giant spiked club!
You hit the ogre.
The ogre is severely wounded.
The ogre hits you with a +0 giant spiked club!!
You die...

######....####..#
##...........#..###
##..........)......#
#...............##.#
#...............##.#
#...............##.#
#...............##(.
#..O............###.
#..@..........>.# ##
####.......<.....##
#.........#......####
#.###.###.#.........#
#.# #..#...###...##.#
#.###.....#...#.....##
#.#.#...###...###...#.
#.#.#..#...#.#...#.)#.
#....###...#.#...###).


You could see an ogre.

Vanquished Creatures
  Jessica (D:2)
  5 adders
  3 dart slugs
  12 orcs
  5 endoplasms
  5 giant cockroaches
  3 goblins
  11 hobgoblins
  4 jackals (D:1)
  3 quokkas (D:1)
  6 ball pythons
  6 bats
  2 frilled lizards
  4 kobolds
  7 rats
77 creatures vanquished.

Notes
Turn   | Place    | Note
-------+----------+-------------------------------------------
     0 | D:1      | Muataran the Hill Orc Monk began the quest for the Orb.
     0 | D:1      | Reached XP level 1. HP: 19/19 MP: 1/1
    43 | D:1      | Reached XP level 2. HP: 18/27 MP: 2/2
   221 | D:1      | Reached skill level 1 in Armour
   272 | D:1      | Reached XP level 3. HP: 33/33 MP: 3/3
   433 | D:1      | Reached skill level 5 in Axes
  1087 | D:2      | Noticed Jessica
  1099 | D:2      | Killed Jessica
  1100 | D:2      | Reached XP level 4. HP: 23/41 MP: 4/4
  2169 | D:3      | Reached XP level 5. HP: 47/47 MP: 5/5
  2226 | D:3      | Reached skill level 6 in Axes
  2797 | D:4      | Noticed an ogre
  2797 | D:4      | Noticed Duvessa
  2797 | D:4      | Noticed Dowan
  2943 | D:3      | Mangled by an ogre

Illustrated notes

Levels and vault maps discovered:
D:1:      mrwooster_arrival_arrow, layout_loops_ring
D:2:      layout_loops_corners, uniq_jessica
D:3:      minmay_skewed_foursquare, layout_rooms, columned_hall_lemuel,
          nicolae_titane
D:4:      layout_gridville, serial_co_window_serial, co_window_corner_a,
          co_window_corner_a, co_window_paths_a, co_window_paths_a,
          co_window_paths_b, co_window_unsneaky_path_c, co_window_2corner,
          co_window_paths_c, co_window_2corner, co_window_broadway_b,
          co_window_of_opportunity_b, co_window_cross_4, co_window_4corner_a,
          glass_columns_c, glass_columns_a, glass_columns_a, uniq_grinder,
          uniq_robin, uniq_natasha, uniq_duvessa

Skill      XL: |  1  2  3  4  5 |
---------------+----------------+-----
Armour         | 1 2 |  2.5
Fighting       | 4 |  4.7
Axes           | 5 6 |  6.3
Dodging        | |  2.4
Stealth        | |  1.5

Action                   |  1- 3 |  4- 6 || total
-------------------------+-------+-------++-------
Melee: Hand axe          |   138 |   151 ||   289
       Punch             |     1 |       ||     1
 Stab: Sleeping          |     2 |     1 ||     3
Armor: Robe              |     5 |       ||     5
       Ring mail         |    47 |    51 ||    98
Dodge: Dodged            |    90 |    67 ||   157

Table legend: (Time is in decaauts)
 A = Elapsed time spent in this place.
 B = Non-inter-level travel time spent in this place.
 C = Inter-level travel time spent in this place.
 D = Time resting spent in this place.
 E = Time spent auto-exploring this place.
 F = Levels seen in this place.
 G = Mean time per level.
                   A        B        C        D        E       F      G
               +--------+--------+--------+--------+--------+-----+--------+
         Total |   2954 |   2797 |    157 |    202 |   1964 |   4 |  738.5 |
       Dungeon |   2954 |   2797 |    157 |    202 |   1964 |   4 |  738.5 |
               +--------+--------+--------+--------+--------+-----+--------+

Top non-repeatable levels by time:
     D:3: 1041 daAuts
     D:2: 974 daAuts
     D:1: 831 daAuts
     D:4: 107 daAuts
